 Dungeon Crawl Stone Soup version 0.30.0-29-ga12c61a403 (webtiles) character file.

Game seed: 11243790584881695887

7658 GimliDwarf the Cruncher (level 11, -23/81 HPs)
             Began as a Gnoll Wanderer on June 18, 2023.
             Was a Priest of Ashenzari.
             Annihilated by a two-headed ogre
             ... wielding a +0 giant spiked club
              (30 damage)
             ... on level 9 of the Dungeon.
             The game lasted 00:42:18 (12383 turns).

GimliDwarf the Cruncher (Gnoll Wanderer)           Turns: 12383, Time: 00:42:19

Health: -23/81     AC: 16    Str: 15    XL:     11   Next: 18%
Magic:  12/21      EV: 15    Int: 13    God:    Ashenzari [***...]
Gold:   900        SH:  0    Dex: 15    Spells: 13/23 levels left

rFire   . . .        a - +3 quarterstaff of Ashenzari's Monotheism {Bglg, Melee} (curse)
rCold   . . .        (shield currently unavailable)
rNeg    . . .        h - +4 leather armour of Ashenzari's Disgust {Will++ Dex+4, Fort, Alch} (curse)
rPois   .            c - +2 helmet of Supernal Understanding {Melee, Comp} (curse)
rElec   .            f - +0 cloak
rCorr   .            (no gloves)
SInv    +            m - +0 pair of boots
Will    ++...        (no amulet)
Stlth   ++++         s - ring of Ashenzari's Gloom {Wiz, Elem, Melee} (curse)
HPRegen 0.33/turn    (no ring)
MPRegen 0.17/turn

%: clarity, wizardry (x1)
@: no status effects
A: fangs 1, strong nose, distributed training, iridescent scales 1, sense
surroundings 1
a: Renounce Religion, Curse Item, Shatter the Chains


You were on level 9 of the Dungeon.
You worshipped Ashenzari.
Ashenzari was most pleased with you.
You visited 2 branches of the dungeon, and saw 10 of its levels.
You also visited: Bailey.

You collected 900 gold pieces.

Inventory:

Hand Weapons
 a - the cursed +3 quarterstaff of Ashenzari's Monotheism (weapon) {Bglg, Melee}

   It has a curse which improves the following skills: Beguiling: Conjurations,
   Hexes and Translocations.
   Melee Combat: Short Blades, Long Blades, Axes, Maces & Flails, Polearms,
   Staves and Unarmed Combat.
 j - a +2 dagger of chaos
 x - a +3 rapier of venom
Missiles
 g - 8 boomerangs
Armour
 c - the cursed +2 helmet of Supernal Understanding (worn) {Melee, Comp}

   It has a curse which improves the following skills: Melee Combat: Short
   Blades, Long Blades, Axes, Maces & Flails, Polearms, Staves and Unarmed
   Combat.
   Companions: Summonings and Necromancy.
 f - a +0 cloak (worn)
 h - the cursed +4 leather armour of Ashenzari's Disgust (worn) {Will++ Dex+4, Fort, Alch}
   (You found it on level 8 of the Dungeon)

   Dex:       It affects your dexterity (+4).
   Will:      It greatly increases your willpower.
   It has a curse which improves the following skills: Fortitude: Armour and
   Shields.
   Alchemy:   Poison Magic and Transmutations.
 m - a +0 pair of boots (worn)
Jewellery
 o - a ring of fire
 s - the cursed ring of Ashenzari's Gloom (left hand) {Wiz, Elem, Melee}
   (You found it on level 6 of the Dungeon)

   [ring of wizardry]

   It improves your spell success rate.
   It has a curse which improves the following skills: Elements: Fire Magic, Ice
   Magic, Air Magic and Earth Magic.
   Melee Combat: Short Blades, Long Blades, Axes, Maces & Flails, Polearms,
   Staves and Unarmed Combat.
Wands
 y - a wand of quicksilver (3)
 z - a wand of polymorph (7)
Scrolls
 b - a scroll of summoning
 d - 5 scrolls of fear
 e - a scroll of enchant weapon
 l - 3 scrolls of fog
 q - a scroll of teleportation
 r - 2 scrolls of blinking
 t - a scroll of magic mapping
Potions
 i - a potion of might
 k - a potion of lignification
 n - 2 potions of haste
 p - 4 potions of curing
 u - a potion of brilliance
 v - a potion of flight
 w - a potion of magic


   Skills:
 + Level 6.2 Fighting
 + Level 6.2(9.2) Short Blades
 + Level 6.2(9.2) Long Blades
 + Level 6.2(9.2) Axes
 + Level 6.2(9.2) Maces & Flails
 + Level 6.2(9.2) Polearms
 + Level 9.2(12.1) Staves
 + Level 6.8 Ranged Weapons
 + Level 6.2 Throwing
 + Level 6.8(8.4) Armour
 + Level 6.8 Dodging
 + Level 8.8 Stealth
 + Level 6.2(7.8) Shields
 + Level 6.2(9.2) Unarmed Combat
 + Level 6.9 Spellcasting
 + Level 5.2(6.6) Conjurations
 + Level 5.2(6.6) Hexes
 + Level 5.2(6.6) Summonings
 + Level 5.2(6.6) Necromancy
 + Level 5.2(6.6) Translocations
 + Level 5.2(6.6) Transmutations
 + Level 5.2(6.6) Fire Magic
 + Level 5.2(6.6) Ice Magic
 + Level 5.2(6.6) Air Magic
 + Level 5.2(6.6) Earth Magic
 + Level 5.2(6.6) Poison Magic
 + Level 6.9 Invocations
 + Level 6.2 Evocations


You had 13 spell levels left.
You knew the following spells:

 Your Spells              Type           Power      Damage    Failure   Level
b - Magic Dart            Conj           84%        1d7       1%          1
c - Searing Ray           Conj           42%        2d6       1%          2
d - Fulminant Prism       Conj/Hex       10%        3d9       4%          4
e - Spider Form           Tmut/Pois      21%        N/A       1%          3

Your spell library contained the following spells:

 Spells                   Type           Power      Damage    Failure   Level
 Beastly Appendage        Tmut           42%        N/A       1%          1
 Wereblood                Tmut           21%        N/A       1%          2


Dungeon Overview and Level Annotations

Branches:
Dungeon (9/15)             Temple (1/1) D:6          Bailey (visited)
   Lair: D:8-11         Orc: D:9-12

Altars:
Ashenzari
Cheibriados
Dithmenos
Elyvilon
Fedhas
Gozag
Hepliaklqana
Makhleb
Nemelex Xobeh
Okawaru
Qazlal
Ru
Sif Muna
Trog
Uskayaw
Vehumet
Wu Jian
Xom
Zin
The Shining One

Shops:
D:3 :   D:6 :   D:7 =   D:9 (


Innate Abilities, Weirdness & Mutations

You have very sharp teeth.
Your uncanny sense of smell can sniff out nearby items.
Your experience applies equally to all skills.
You are partially covered in iridescent scales. (AC +2)
You passively map a small area around you.


Message History

You finish channelling your searing ray.
Casting: Searing Ray (safe; 1% risk of failure)
Confirm with . or Enter, or press ? or * to list all spells.
Aiming: Searing Ray (safe; 1% risk of failure)
Press: ? - help, Shift-Dir - straight line, f/p - two-headed ogre
Aim: a two-headed ogre, wielding a +0 giant spiked club and a +0 giant club (moderately wounded, 89% to hit)
The searing ray hits the two-headed ogre.
The two-headed ogre is heavily wounded.
The searing ray hits the orc wizard.
You kill the orc wizard!
The searing ray hits the orc wizard.
The orc wizard is moderately wounded. (Press . to maintain the ray.)
The two-headed ogre completely misses you.
The two-headed ogre hits you with a +0 giant club!!
An orc priest comes into view. It is wielding a +3 mace.
The searing ray hits the two-headed ogre.
The two-headed ogre is heavily wounded.
The searing ray hits the orc wizard.
The orc wizard is severely wounded.
The two-headed ogre hits you with a +0 giant spiked club.
The two-headed ogre hits you with a +0 giant club!
* * * LOW HITPOINT WARNING * * *
The searing ray hits the two-headed ogre.
The two-headed ogre is heavily wounded.
The searing ray hits the orc wizard.
The orc wizard is almost dead.
The searing ray hits the two-headed ogre!
The two-headed ogre is severely wounded.
The searing ray misses the orc wizard.
You finish channelling your searing ray.
The two-headed ogre closely misses you.
The two-headed ogre hits you with a +0 giant club!
* * * LOW HITPOINT WARNING * * *
You barely miss the two-headed ogre.
The two-headed ogre is severely wounded.
You closely miss the two-headed ogre.
The two-headed ogre is severely wounded.
The two-headed ogre hits you with a +0 giant spiked club!!
You die...

. ....##....######.#
. ..................
** , ...........####
, #......∩##.## * * ,
, #.......#...# , *
#.......#...# * ,
#.......#...# *
*#.......#...####.###
#+#######...@Oo)o...
, . ,, ,*#...####.###
, . , #...# * .* ,
##### , , . * . , *
........ ,.#### *
.......# ....... * ,,
, .......##........ *


You could see a two-headed ogre, an orc priest and an orc wizard.

Vanquished Creatures
  A vault guard (Bailey)
  A two-headed ogre (D:9)
  Maurice (D:8)
  Prince Ribbit (Bailey)
  2 wyverns
  7 humans (Bailey)
  4 yaks
  A steam dragon (D:6)
  Menkaure (D:5)
  A sky beast (D:6)
  2 black bears
  An ice beast (D:6)
  5 centaurs
  2 orc warriors (Bailey)
  3 ogres
  14 bullfrogs
  A gnoll sergeant (D:8)
  2 scorpions (D:6)
  3 wights (D:7)
  A vampire bat (D:5)
  10 crimson imps
  4 orc priests
  5 hounds
  2 gnoll boudas (D:7)
  A sleepcap (D:6)
  3 iguanas
  6 orc wizards
  20 gnolls
  8 adders
  6 shadow imps
  5 white imps
  3 ufetubi
  A worm (D:2)
  3 dart slugs
  3 fire bats (D:5)
  11 orcs
  2 spectral bats (D:5)
  13 bats
  3 bat skeletons (D:5)
  A bat zombie (D:5)
  8 endoplasms
  A giant cockroach (D:1)
  3 goblins
  11 hobgoblins
  2 jackals (D:2)
  6 kobolds
  6 quokkas
  2 ball pythons (D:2)
  A bat simulacrum (D:5)
  4 frilled lizards
  3 rats
211 creatures vanquished.

Vanquished Creatures (others)
  3 fulminant prisms
3 creatures vanquished.

Grand Total: 214 creatures vanquished

Notes
Turn   | Place    | Note
-------+----------+-------------------------------------------
     0 | D:1      | GimliDwarf the Gnoll Wanderer began the quest for the Orb.
     0 | D:1      | GimliDwarf set off with the following items: a +2
                  | quarterstaff, a +0 sling, a +0 helmet, a scroll of fear, a
                  | +0 leather armour.
     0 | D:1      | Reached XP level 1. HP: 13/13 MP: 4/4
   160 | D:1      | Found a faded altar of an unknown god.
   175 | D:1      | Reached XP level 2. HP: 14/20 MP: 5/5
   399 | D:1      | Reached XP level 3. HP: 25/25 MP: 7/7
   803 | D:2      | Reached skill level 1 in Invocations
   917 | D:2      | Reached skill level 1 in Fighting
   917 | D:2      | Reached skill level 1 in Short Blades
   917 | D:2      | Reached skill level 1 in Long Blades
   917 | D:2      | Reached skill level 1 in Axes
   917 | D:2      | Reached skill level 1 in Maces & Flails
   917 | D:2      | Reached skill level 1 in Polearms
   917 | D:2      | Reached skill level 1 in Throwing
   917 | D:2      | Reached skill level 1 in Shields
   917 | D:2      | Reached skill level 1 in Unarmed Combat
   917 | D:2      | Reached skill level 1 in Evocations
  1398 | D:2      | Reached XP level 4. HP: 29/32 MP: 8/8
  1493 | D:2      | Reached skill level 1 in Conjurations
  1493 | D:2      | Reached skill level 1 in Hexes
  1493 | D:2      | Reached skill level 1 in Summonings
  1493 | D:2      | Reached skill level 1 in Necromancy
  1493 | D:2      | Reached skill level 1 in Translocations
  1493 | D:2      | Reached skill level 1 in Transmutations
  1493 | D:2      | Reached skill level 1 in Fire Magic
  1493 | D:2      | Reached skill level 1 in Ice Magic
  1493 | D:2      | Reached skill level 1 in Air Magic
  1493 | D:2      | Reached skill level 1 in Earth Magic
  1493 | D:2      | Reached skill level 1 in Poison Magic
  1961 | D:3      | Found a shimmering altar of Xom.
  1979 | D:3      | Reached XP level 5. HP: 6/37 MP: 9/9
  2109 | D:3      | Reached XP level 6. HP: 44/44 MP: 9/11
  2219 | D:3      | Found a hazy altar of Hepliaklqana.
  2343 | D:3      | Found an ornate altar of the Wu Jian Council.
  2718 | D:3      | Found Qeetwiu's Book Emporium.
  3031 | D:4      | Learned a level 1 spell: Beastly Appendage
  3627 | D:4      | Found a sparkling altar of Nemelex Xobeh.
  3628 | D:4      | Found a hide-covered altar of Uskayaw.
  3981 | D:4      | Found a shimmering blue altar of Sif Muna.
  4059 | D:5      | Entered Level 5 of the Dungeon
  4128 | D:5      | Noticed Menkaure
  4365 | D:5      | Found a broken altar of Ashenzari.
  4374 | D:5      | Became a worshipper of Ashenzari the Shackled
  4389 | D:5      | Reached skill level 7 in Staves
  4389 | D:5      | Reached XP level 7. HP: 48/51 MP: 12/12
  4484 | D:5      | Learned a level 1 spell: Magic Dart
  4487 | D:5      | Learned a level 2 spell: Searing Ray
  5347 | D:5      | Killed Menkaure
  5631 | D:6      | Noticed a yak
  5631 | D:6      | Noticed a yak
  5663 | D:6      | Noticed a yak
  5687 | D:5      | Killed a yak
  5688 | D:5      | Reached XP level 8. HP: 44/58 MP: 0/14
  5896 | D:6      | Noticed a yak
  5965 | D:6      | Reached * piety under Ashenzari
  5982 | D:6      | Noticed a wyvern
  5992 | D:6      | Killed a wyvern
  6700 | D:6      | Found Lacuwn's Book Boutique.
  6791 | D:6      | Found a staircase to the Ecumenical Temple.
  6842 | D:6      | Reached XP level 9. HP: 65/65 MP: 7/16
  6853 | D:6      | Reached skill level 5 in Spellcasting
  7142 | D:6      | Reached skill level 5 in Ranged Weapons
  7142 | D:6      | Reached skill level 5 in Armour
  7142 | D:6      | Reached skill level 5 in Dodging
  7414 | D:6      | Learned a level 4 spell: Fulminant Prism
  7426 | D:6      | Reached skill level 8 in Staves
  7433 | D:6      | Reached skill level 5 in Invocations
  7511 | D:6      | Identified the +0 scale mail of Infinity {rPois Regen+
                  | Str-3 Int+5}
  7773 | D:6      | Learned a level 3 spell: Spider Form
  7774 | D:7      | Found a bloodstained altar of Trog.
  7893 | Temple   | Entered the Ecumenical Temple
  8122 | D:7      | Found Lixucyil's Jewellery Emporium.
  8158 | D:7      | Reached ** piety under Ashenzari
  8942 | D:7      | Reached skill level 5 in Fighting
  8942 | D:7      | Reached skill level 5 in Short Blades
  8942 | D:7      | Reached skill level 5 in Long Blades
  8942 | D:7      | Reached skill level 5 in Axes
  8942 | D:7      | Reached skill level 5 in Maces & Flails
  8942 | D:7      | Reached skill level 5 in Polearms
  8942 | D:7      | Reached skill level 5 in Throwing
  8942 | D:7      | Reached skill level 5 in Shields
  8942 | D:7      | Reached skill level 5 in Unarmed Combat
  8942 | D:7      | Reached skill level 5 in Evocations
  8943 | D:7      | Reached XP level 10. HP: 61/74 MP: 12/18
  9759 | D:7      | Found a shadowy altar of Dithmenos.
  9949 | D:7      | Gained mutation: You are dopey. (Int -2) [potion of
                  | mutation]
  9949 | D:7      | Lost mutation: You are dopey. (Int -2) [potion of mutation]
  9949 | D:7      | Gained mutation: You sometimes lose your temper in combat.
                  | [potion of mutation]
 10314 | D:8      | Identified the +4 leather armour of Courage {Will++ Dex+4}
 10332 | D:8      | Reached *** piety under Ashenzari
 10359 | D:8      | Noticed Maurice
 10941 | D:8      | Killed Maurice
 11129 | D:9      | Noticed a two-headed ogre
 11241 | D:9      | Found a flagged portal.
 11264 | Bailey   | Entered a bailey
 11391 | Bailey   | Identified the cursed +3 quarterstaff of Ashenzari's
                  | Monotheism {Bglg, Melee}
 11391 | Bailey   | Identified the cursed +2 helmet of Supernal Understanding
                  | {Melee, Comp}
 11660 | Bailey   | Noticed Prince Ribbit
 11662 | Bailey   | Noticed a vault guard
 11679 | Bailey   | Killed a vault guard
 11679 | Bailey   | Killed Prince Ribbit
 11680 | Bailey   | Reached skill level 9 in Staves
 11680 | Bailey   | Reached skill level 5 in Conjurations
 11680 | Bailey   | Reached skill level 5 in Hexes
 11680 | Bailey   | Reached skill level 5 in Summonings
 11680 | Bailey   | Reached skill level 5 in Necromancy
 11680 | Bailey   | Reached skill level 5 in Translocations
 11680 | Bailey   | Reached skill level 5 in Transmutations
 11680 | Bailey   | Reached skill level 5 in Fire Magic
 11680 | Bailey   | Reached skill level 5 in Ice Magic
 11680 | Bailey   | Reached skill level 5 in Air Magic
 11680 | Bailey   | Reached skill level 5 in Earth Magic
 11680 | Bailey   | Reached skill level 5 in Poison Magic
 11717 | Bailey   | Lost mutation: You sometimes lose your temper in combat.
                  | [potion of mutation]
 11717 | Bailey   | Gained mutation: You passively map a small area around you.
                  | [potion of mutation]
 11717 | Bailey   | Gained mutation: You are partially covered in iridescent
                  | scales. (AC +2) [potion of mutation]
 11769 | Bailey   | Reached XP level 11. HP: 70/81 MP: 7/21
 11979 | Bailey   | Noticed a vault guard
 12037 | D:9      | Found an iron altar of Okawaru.
 12307 | D:9      | Killed a two-headed ogre
 12355 | D:9      | Found Ruhyviut's Antique Weapon Shoppe.
 12372 | D:9      | Noticed a two-headed ogre
 12383 | D:9      | Annihilated by a two-headed ogre

Illustrated notes

Levels and vault maps discovered:
D:1:      lemuel_arrival_lava_pool, layout_basic,
          chequers_ecumenical_altar_simple_redux
D:2:      layout_basic
D:3:      layout_basic, lemuel_tele_altar, mainiacjoe_overflow_catwalk,
          led_xom_imps, serial_shops, nicolae_shop_tiny_glass, minmay_liquid_box
D:4:      layout_basic, led_sif_pool, mainiacjoe_overflow_divided_tiny,
          serial_bayou_lagoon_a
D:5:      layout_basic, evilmike_ruin_ashenzari, minivault_25, goddamned_bats,
          uniq_menkaure
D:6:      minmay_thinvault, layout_loops_ring, minmay_temple_entry_poolview,
          serial_shops, shop
D:7:      layout_gridville, grunt_dithmenos_smoke_and_mirrors,
          trog_ov_bears_minmay, serial_shops, nicolae_shop_hallway_stairs,
          minmay_nine_imps
D:8:      layout_loops_ring, uniq_maurice
D:9:      layout_basic, okawaru_humans, kennysheep_little_box, enter_bailey_4,
          serial_shops, shop
Temple:   hellmonk_temple_flake

Skill      XL: |  1  2  3  4  5  6  7  8  9 10 |
---------------+-------------------------------+-----
Stealth        | 6 7 8 |  8.8
Invocations    | 1 2 3 4 5 6 |  6.9
Fighting       | 1 2 3 5 6 |  6.2
Short Blades   | 1 2 3 5 6 |  6.2
Long Blades    | 1 2 3 5 6 |  6.2
Axes           | 1 2 3 5 6 |  6.2
Maces & Flails | 1 2 3 5 6 |  6.2
Polearms       | 1 2 3 5 6 |  6.2
Throwing       | 1 2 3 5 6 |  6.2
Shields        | 1 2 3 5 6 |  6.2
Unarmed Combat | 1 2 3 5 6 |  6.2
Evocations     | 1 2 3 5 6 |  6.2
Spellcasting   | 3 4 5 6 |  6.9
Conjurations   | 1 2 3 4 5 |  5.2
Hexes          | 1 2 3 4 5 |  5.2
Summonings     | 1 2 3 4 5 |  5.2
Necromancy     | 1 2 3 4 5 |  5.2
Translocations | 1 2 3 4 5 |  5.2
Transmutations | 1 2 3 4 5 |  5.2
Fire Magic     | 1 2 3 4 5 |  5.2
Ice Magic      | 1 2 3 4 5 |  5.2
Air Magic      | 1 2 3 4 5 |  5.2
Earth Magic    | 1 2 3 4 5 |  5.2
Poison Magic   | 1 2 3 4 5 |  5.2
Ranged Weapons | 3 4 5 6 |  6.8
Armour         | 3 4 5 6 |  6.8
Dodging        | 3 4 5 6 |  6.8
Staves         | 7 8 9 |  9.2

Action                     |  1- 3 |  4- 6 |  7- 9 | 10-12 || total
---------------------------+-------+-------+-------+-------++-------
  Melee: Quarterstaff      |    92 |   115 |   188 |   191 ||   586
         Bite              |     5 |     8 |    22 |    29 ||    64
         Unarmed           |       |       |       |    15 ||    15
  Throw: Boomerang         |     3 |    20 |       |       ||    23
   Cast: Magic Dart        |       |       |    30 |    18 ||    48
         Searing Ray       |       |       |    29 |    24 ||    53
         Fulminant Prism   |       |       |     1 |     2 ||     3
         Spider Form       |       |       |       |     1 ||     1
 Invoke: Curse Item        |       |       |     2 |     2 ||     4
  Evoke: Wand              |       |       |       |     7 ||     7
    Use: Scroll            |       |    11 |     1 |     2 ||    14
         Potion            |       |     1 |       |     4 ||     5
   Stab: Sleeping          |    10 |     4 |    10 |     1 ||    25
         Distracted        |     1 |       |       |       ||     1
 Armour: Leather armour    |    18 |    24 |   115 |    90 ||   247
  Dodge: Dodged            |    43 |    51 |   210 |   185 ||   489
